 Dungeon Sprint DCSS version 0.31-a0-801-gc67433417a (webtiles) character file.

Game seed: 5716989223595300022

1925 Ordine the Grappler (level 9, -11/66 HPs)
             Began as an Octopode Shapeshifter on Sept 20, 2023.
             Was a Priest of Dithmenos.
             Mangled by Erolcha
             ... wielding a +0 giant club
              (43 damage)
             ... in the Dungeon (Sprint III: "The Ten Rune Challenge").
             The game lasted 00:03:38 (1574 turns).

Ordine the Grappler (Octopode Shapeshifter)         Turns: 1574, Time: 00:03:39

Health: -11/66     AC:  1    Str: 17    XL:     9   Next: 17%
Magic:  12/12      EV: 16    Int: 12    God:    Dithmenos [***...]
Gold:   44         SH:  0    Dex: 12    Spells: 8/8 levels left

rFire   . .          .
                       - Unarmed
rCold   . . .        (no shield)
rNeg    . . .        (helmet currently unavailable)
rPois   .            (no amulet)
rElec   .            (no ring)
rCorr   .            (no ring)
SInv    .            (no ring)
Will    .....        (no ring)
Stlth   +++++++      (no ring)
HPRegen 0.31/turn    (no ring)
MPRegen 0.13/turn    (no ring)
                     (no ring)

%: no teleportation
@: beast-form, wreathed by umbra
A: beast (slay +4), almost no armour, amphibious, 8 rings, camouflage 1,
gelatinous body 1, (nimble swimmer 1), tentacles
a: Begin Untransformation, Renounce Religion, Shadow Step


You were in the Dungeon.
You worshipped Dithmenos.
Dithmenos was most pleased with you.
You were a hulking beast.
You visited 1 branch You collected 44 gold pieces.

Inventory:

Talismans
 b - a beast talisman (active)
 c - a flux talisman
Wands
 a - a wand of flame (19)
Scrolls
 i - a scroll of blinking
 k - a scroll of immolation
Potions
 d - 2 potions of curing
 g - 2 potions of magic
 j - 6 potions of mutation
 n - a potion of enlightenment


   Skills:
 + Level 8.2 Fighting
 + Level 8.4 Dodging
 + Level 11.2 Stealth
 * Level 11.8 Unarmed Combat
 + Level 5.0 Invocations
 + Level 7.9 Shapeshifting


You had 8 spell levels left.
You didn't know any spells.
Your spell library contained the following spells:

 Spells                   Type           Power      Damage    Failure   Level
 Malign Gateway           Summ/Tloc      0%         N/A       100%        7
 Summon Horrible Things   Summ           0%         N/A       100%        8


Dungeon Overview and Level Annotations

Branches:
Dungeon (1/1)

Altars:
Cheibriados
Dithmenos
Elyvilon
Fedhas
Gozag
Hepliaklqana
Kikubaaqudgha
Makhleb
Nemelex Xobeh
Okawaru
Qazlal
Ru
Sif Muna
Trog
Uskayaw
Vehumet
Wu Jian
Xom
Yredelemnul
Zin
The Shining One
Jiyva
Lugonu

Annotations:
D Erolcha


Innate Abilities, Weirdness & Mutations

You are a hulking beast.
Your limbs bulge with bestial killing power. (Slay +4)
You cannot wear most types of armour.
You are amphibious.
You can wear up to eight rings at the same time.
Your skin changes colour to match your surroundings (Stealth+).
Your rubbery body absorbs attacks. (AC +1, EV +1)
((You are camouflaged when in or above water. (Stealth+)))
You have tentacles for arms and can constrict up to eight enemies at once.


Message History

You tentacle-slap the two-headed ogre but do no damage.
You tentacle-slap the two-headed ogre!
The two-headed ogre is lightly wounded.
Erolcha shouts!
The two-headed ogre is engulfed in poison gas.
The two-headed ogre is poisoned.
The two-headed ogre closely misses you.
The two-headed ogre completely misses you.
Unknown command.
You bludgeon the two-headed ogre! You tentacle-slap the two-headed ogre.
You squeeze the two-headed ogre.
The two-headed ogre is heavily wounded.
Erolcha gestures wildly while chanting.
Erolcha flickers and vanishes!
Deactivating autopickup; reactivate with Ctrl-A.
You bludgeon the two-headed ogre!
The two-headed ogre is severely wounded.
The two-headed ogre is engulfed in poison gas.
The two-headed ogre looks even sicker.
The two-headed ogre closely misses you.
The two-headed ogre hits you with a +0 dire flail!
Unknown command.
You bludgeon the two-headed ogre!
You kill the two-headed ogre!
Dithmenos accepts your kill.
You will now sometimes bleed smoke when heavily injured by enemies.
Your Stealth skill increases to level 11!
Your Invocations skill increases to level 5!
You start resting.
There is a strange disturbance nearby!
Something closely misses you. Something hits you!!
You closely miss something.
Your tentacle-slap misses something.
You squeeze something! You miss something.
You hear some strange, mumbled words.
A redback comes into view.
Things that are here:
a +0 giant club; a +0 dire flail; a two-headed ogre corpse Something hits you!!!
Ouch! That really hurt!
You die...

__# ._# '## ..# ..# #'#
..#+##############
..#....#.#.#.....#
..##.#..#.##)###h#
..)##.#.#)##.#.)##
..#...#..#..##..'..^...
▓▓▓▓▓▓▓▓▓▓▓▓▓▓▓▓#^^....
....s. ..... ..... ####


There were no monsters in sight!

Vanquished Creatures
  A deep elf pyromancer (D)
  A shadow (D)
  A spatial vortex (D)
  5 two-headed ogres (D)
  A water elemental (D)
  A necrophage (D)
  A jelly (D)
  A necromancer (D)
  A wizard (D)
  3 humans (D)
  A kobold demonologist (D)
  A phantom (D)
  2 endoplasms (D)
  2 rats (D)
22 creatures vanquished.

Notes
Turn   | Place    | Note
-------+----------+-------------------------------------------
     0 | D        | Ordine the Octopode Shapeshifter began the quest for the
                  | Orb.
     0 | D        | Reached XP level 1. HP: 13/13 MP: 1/1
    12 | D        | Reached skill level 1 in Stealth
    88 | D        | Reached XP level 2. HP: 9/19 MP: 2/2
   242 | D        | Reached XP level 3. HP: 22/25 MP: 3/3
   256 | D        | Noticed a water elemental
   286 | D        | Killed a water elemental
   287 | D        | Reached skill level 5 in Unarmed Combat
   287 | D        | Reached XP level 4. HP: 4/31 MP: 4/4
   393 | D        | Found a glowing silver altar of Zin.
   393 | D        | Found a glowing golden altar of the Shining One.
   393 | D        | Found a white marble altar of Elyvilon.
   394 | D        | Noticed a deep elf pyromancer
   401 | D        | Noticed a fire elemental
   401 | D        | Noticed a fire elemental
   401 | D        | Killed a deep elf pyromancer
   402 | D        | Reached XP level 5. HP: 41/41 MP: 5/5
   402 | D        | Reached XP level 6. HP: 46/46 MP: 6/6
   402 | D        | Reached XP level 7. HP: 52/52 MP: 7/7
   539 | D        | Found a radiant altar of Vehumet.
   540 | D        | Found a shimmering blue altar of Sif Muna.
   540 | D        | Found an ancient bone altar of Kikubaaqudgha.
   543 | D        | Noticed a chaos spawn
   564 | D        | Found a hide-covered altar of Uskayaw.
   564 | D        | Found an iron altar of Okawaru.
   564 | D        | Found a bloodstained altar of Trog.
   564 | D        | Found an ornate altar of the Wu Jian Council.
   564 | D        | Noticed a human
   570 | D        | Found a basalt altar of Yredelemnul.
   570 | D        | Found a shadowy altar of Dithmenos.
   570 | D        | Found a sacrificial altar of Ru.
   582 | D        | Became a worshipper of Dithmenos the Shadowed
   604 | D        | Noticed a human
   609 | D        | Killed a human
   610 | D        | Reached skill level 10 in Unarmed Combat
   610 | D        | Reached skill level 1 in Invocations
   613 | D        | Killed a human
   614 | D        | Reached XP level 8. HP: 3/60 MP: 7/9
   906 | D        | Noticed a shadow
   912 | D        | Killed a shadow
   912 | D        | Reached * piety under Dithmenos
   913 | D        | HP: 2/60 [acid (3)]
  1110 | D        | Found a blossoming altar of Fedhas.
  1110 | D        | Found a stormy altar of Qazlal.
  1111 | D        | Found a snail-covered altar of Cheibriados.
  1111 | D        | Found a burning altar of Makhleb.
  1111 | D        | Found a hazy altar of Hepliaklqana.
  1111 | D        | Found a shimmering altar of Xom.
  1111 | D        | Found an opulent altar of Gozag.
  1111 | D        | Found a sparkling altar of Nemelex Xobeh.
  1111 | D        | Found a corrupted altar of Lugonu.
  1111 | D        | Found a viscous altar of Jiyva.
  1122 | D        | Reached skill level 10 in Stealth
  1155 | D        | Reached ** piety under Dithmenos
  1423 | D        | Noticed a two-headed ogre
  1429 | D        | Killed a two-headed ogre
  1430 | D        | Reached XP level 9. HP: 29/66 MP: 12/12
  1552 | D        | Noticed Erolcha
  1553 | D        | Noticed a two-headed ogre
  1560 | D        | Killed a two-headed ogre
  1560 | D        | Reached *** piety under Dithmenos
  1561 | D        | Reached skill level 5 in Invocations
  1574 | D        | Mangled by Erolcha

Illustrated notes

Levels and vault maps discovered:
D:        dungeon_sprint_mu [sprint_mu_entry_cave, sprint_mu_temple_rooms,
          sprint_mu_d1_spiders, sprint_mu_d2_genie, sprint_mu_d3_branching,
          sprint_mu_orc_legion, sprint_mu_elf_gauntlet, sprint_mu_hive_nellie,
          sprint_mu_lair_fedhas, sprint_mu_vaults_butterflies,
          sprint_mu_slime_circle, sprint_mu_swamp_cave, sprint_mu_snake_twists,
          sprint_mu_blade_basic, sprint_mu_crypt_chambers,
          sprint_mu_tomb_spiral, sprint_mu_vestibule_basic,
          sprint_mu_gehenna_hellfire, sprint_mu_dis_giant,
          sprint_mu_tartarus_statrot, sprint_mu_cocytus_islands, sprint_mu_zot1]

Skill      XL: |  1  2  3  4  5  6  7  8  9 |
---------------+----------------------------+-----
Stealth        | 2 3 4 8 9 10 11 | 11.2
Fighting       | 2 3 6 7 8 |  8.2
Unarmed Combat | 4 5 9 10 11 | 11.8
Dodging        | 3 6 7 8 |  8.4
Shapeshifting  | 4 6 7 |  7.9
Invocations    | 2 4 5 |  5.0

Action                     |  1- 3 |  4- 6 |  7- 9 || total
---------------------------+-------+-------+-------++-------
  Melee: Unarmed           |    26 |     5 |    57 ||    88
         Tentacles         |     3 |       |    13 ||    16
         Punch             |     3 |       |     6 ||     9
         Constrict         |     1 |       |     5 ||     6
    Use: Scroll            |     3 |       |     1 ||     4
         Potion            |     1 |     1 |     3 ||     5
   Stab: Sleeping          |     3 |       |     1 ||     4
 Armour: Skin              |     6 |     1 |    22 ||    29
  Dodge: Dodged            |    10 |     1 |    33 ||    44

Table legend: (Time is in decaauts)
 A = Elapsed time spent in this place.
 B = Non-inter-level travel time spent in this place.
 C = Inter-level travel time spent in this place.
 D = Time resting spent in this place.
 E = Time spent auto-exploring this place.
 F = Levels seen in this place.
 G = Mean time per level.
                   A        B        C        D        E       F      G
               +--------+--------+--------+--------+--------+-----+--------+
         Total |   1557 |   1557 |      0 |   1019 |    290 |   1 | 1557.0 |
       Dungeon |   1557 |   1557 |      0 |   1019 |    290 |   1 | 1557.0 |
               +--------+--------+--------+--------+--------+-----+--------+

Top non-repeatable levels by time:
       D: 1557 daAuts
